 Dungeon Crawl Stone Soup version 0.18.1-8-gdd0e5ea (webtiles) character file.

127 Jersh the Sneak (level 5, -1/31 HPs)
             Began as a Kobold Assassin on June 5, 2016.
             Was an Initiate of Nemelex Xobeh.
             Slain by a gnoll
             ... wielding a +0 spear
              (4 damage)
             ... on level 3 of the Dungeon.
             The game lasted 00:16:23 (1258 turns).

Jersh the Sneak (Kobold Assassin)                   Turns: 1258, Time: 00:16:24

Health: -1/31      AC:  4    Str:  9    XL:     5   Next: 33%
Magic:  5/5        EV: 16    Int:  9    God:    Nemelex Xobeh [......]
Gold:   110        SH:  0    Dex: 19    Spells: 0 memorised, 4 levels left

rFire  . . .     SeeInvis .     j - +2 dagger (vamp)
rCold  . . .     Gourm    .     o - +0 robe
rNeg   . . .     Faith    .     (shield restricted)
rPois  .         Spirit   .     (no helmet)
rElec  .         Dismiss  .     d - +0 cloak
rCorr  .         Reflect  .     (no gloves)
SustAt .         Harm     .     s - +0 pair of boots
MR     .....                    (no amulet)
Stlth  ++++++....               (no ring)
                                (no ring)

@: especially stealthy, not resistant to hostile enchantments, very stealthy
A: carnivore 3
a: Renounce Religion


You were on level 3 of the Dungeon.
You worshipped Nemelex Xobeh.
Nemelex Xobeh was noncommittal.
You were not hungry.

You visited 1 branch of the dungeon, and saw 3 of its levels.

You collected 110 gold pieces.

Inventory:

Hand Weapons
 a - a +2 dagger
 b - a +0 blowgun
 j - a +2 vampiric dagger (weapon)
 k - a +0 dagger
 l - a +0 hunting sling
 u - a +1 short sword of freezing
Missiles
 e - 27 poisoned needles
 f - 2 curare-tipped needles
Armour
 c - a +0 robe
 d - a +0 cloak (worn)
 h - a +0 leather armour
 m - a -2 robe
 n - a +0 robe
 o - a +0 robe (worn)
 s - a +0 pair of boots (worn)
Scrolls
 g - a scroll of remove curse
Miscellaneous
 q - a plain deck of war {drawn: 3}
Comestibles
 i - 2 fruits
 p - a bread ration
 r - 2 meat rations


   Skills:
 + Level 2.5 Fighting
 + Level 3.1 Short Blades
 + Level 2.5 Throwing
 + Level 3.2 Dodging
 + Level 7.2 Stealth


You had 4 spell levels left.
You didn't know any spells.

Dungeon Overview and Level Annotations

Branches:
Dungeon (3/15)

Altars:
Cheibriados
Makhleb
Nemelex Xobeh
Okawaru


Innate Abilities, Weirdness & Mutations

You are small and have problems with some larger weapons.
You are carnivorous and can eat meat at any time.


Message History

The orc hits you with a hand axe.
The gnoll hits you from afar with a spear.
You draw a card...
It is the Shadow.
You feel stealthy. The orc barely misses you.
The gnoll hits you from afar with a spear.
* * * LOW HITPOINT WARNING * * *
The gnoll hits you from afar with a spear.
* * * LOW HITPOINT WARNING * * *
The giant newt barely misses you.
You feel less stealthy.
You barely miss the giant newt. You closely miss the giant newt.
The giant newt bites you.
* * * LOW HITPOINT WARNING * * *
You draw a card...
It is the Shadow.
You feel stealthy. The giant newt closely misses you.
The gnoll hits you but does no damage.
You hit the giant newt.
You kill the giant newt!
The gnoll hits you from afar with a spear.
You die...
Your body disappears without a glow.

..# #.# ##.##### #.#
#.# .......#### #.#
#.# #..##.)..####.#
#.# #...)......##.#
#.# #....#).#.....#
#.# #..............#
#.#
#...#......#..g####.#
#.............o†@...#
#.?...........#######
#...#......#..#
#............##
!..#..#...# ......##
....## ###


You could see a gnoll and an orc.

Vanquished Creatures
  A hound (D:3)
  An adder (D:3)
  3 gnolls
  A worm (D:2)
  2 dart slugs (D:1)
  3 giant geckos
  A giant cockroach (D:1)
  7 goblins
  4 hobgoblins
  4 jackals (D:3)
  3 kobolds
  2 quokkas
  2 ball pythons (D:2)
  5 bats
  5 giant newts
  6 rats
50 creatures vanquished.

Notes
Turn   | Place    | Note
--------------------------------------------------------------
     0 | D:1      | Jersh the Kobold Assassin began the quest for the Orb.
     0 | D:1      | Reached XP level 1. HP: 12/12 MP: 1/1
   108 | D:1      | Reached XP level 2. HP: 17/17 MP: 2/2
   122 | D:1      | Reached skill level 6 in Stealth
   181 | D:1      | Reached XP level 3. HP: 12/21 MP: 3/3
   323 | D:1      | Found a snail-covered altar of Cheibriados.
   752 | D:2      | Reached XP level 4. HP: 26/26 MP: 4/4
   812 | D:2      | Found a sparkling altar of Nemelex Xobeh.
   816 | D:2      | Became a worshipper of Nemelex Xobeh the Trickster
   822 | D:2      | Found a burning altar of Makhleb.
   831 | D:2      | Found an iron altar of Okawaru.
   864 | D:3      | Found a burning altar of Makhleb.
   884 | D:3      | Reached skill level 7 in Stealth
  1027 | D:3      | Received a gift from Nemelex Xobeh
  1099 | D:3      | Reached XP level 5. HP: 22/31 MP: 5/5
  1258 | D:3      | Slain by a gnoll

Skill      XL: |  1  2  3  4  5 |
---------------+----------------+-----
Stealth        | 6 7 |  7.2
Short Blades   | 3 |  3.1
Dodging        | 2 3 |  3.2
Fighting       | |  2.5
Throwing       | |  2.5

Action                   |  1- 3 |  4- 6 || total
-------------------------+-------+-------++-------
Melee: Dagger            |    92 |   102 ||   194
Evoke: Deck              |       |     3 ||     3
  Use: Scroll            |     3 |     3 ||     6
       Potion            |     1 |       ||     1
 Stab: Sleeping          |     8 |       ||     8
  Eat: Meat ration       |     1 |       ||     1
       Beef jerky        |     1 |       ||     1
Armor: Robe              |    12 |    20 ||    32
Dodge: Dodged            |    42 |    80 ||   122
